 Dungeon Crawl Stone Soup version 0.31-a0-360-gb3e1d13bf4 (webtiles) character file.

Game seed: 870706627229521581

542 garrulousMonolith the Chopper (level 7, 0/81 HPs)
             Began as a Demonspawn Berserker on July 26, 2023.
             Was a Believer of Trog.
             Succumbed to a hornet's poison
             ... on level 4 of the Dungeon.
             The game lasted 00:04:09 (3243 turns).

garrulousMonolith the Chopper (DsBe)                Turns: 3243, Time: 00:04:10

Health: 0/81       AC:  9    Str: 19    XL:     7   Next: 6%
Magic:  7/7        EV:  9    Int:  9    God:    Trog [**....]
Gold:   195        SH:  4    Dex: 12    Spells: 6/6 levels left

rFire   . . .        y - +0 battleaxe
rCold   . . .        (shield currently unavailable)
rNeg    . . .        g - +0 chain mail
rPois   +            (helmet currently unavailable)
rElec   .            (cloak currently unavailable)
rCorr   +            (gloves currently unavailable)
SInv    .            (boots currently unavailable)
Will    .....        h - amulet of the acrobat Stlth
                     k - ring of poison resistance
HPRegen 0.33/turn    p - ring of resist corrosion
MPRegen 0.10/turn

%: acrobat
@: berserking (expiring), lethally poisoned (0 -> -4), beast-form, very quick
A: beast (slay +1), large bone plates 1, demonic magic 2
a: Begin Untransformation, Renounce Religion, Berserk, Trog's Hand


You were on level 4 of the Dungeon.
You worshipped Trog.
Trog was pleased with you.
You were a hulking beast.
You visited 1 branch of the dungeon, and saw 4 of its levels.

You collected 195 gold pieces.

Inventory:

Hand Weapons
 a - a +0 hand axe
 n - a +0 flail
 y - a +0 battleaxe (weapon)
Missiles
 i - 7 poisoned darts (quivered)
Armour
 b - a +0 animal skin
 d - a +0 leather armour
 g - a +0 chain mail (worn)
Jewellery
 h - an amulet of the acrobat (around neck)
 k - a ring of poison resistance (left hand)
 p - a ring of resist corrosion (right hand)
 u - an amulet of faith
Talismans
 q - a beast talisman
 v - a maw talisman
Scrolls
 c - 2 scrolls of enchant weapon {unknown}
 m - 3 scrolls of identify
 o - 3 scrolls of revelation {unknown}
 s - a scroll of teleportation {unknown}
 x - a scroll of vulnerability {unknown}
Potions
 e - a potion of resistance
 f - a potion of attraction {unknown}
 j - 2 potions of curing {unknown}
 l - a potion of degeneration {unknown}
 r - 2 potions of haste {unknown}
 t - a potion of enlightenment {unknown}
 w - a potion of cancellation {unknown}
 z - a potion of mutation {unknown}


   Skills:
 + Level 4.3 Fighting
 * Level 4.8 Axes
 + Level 3.3 Armour
 + Level 3.2 Dodging
 + Level 1.5 Shapeshifting


You had 6 spell levels left.
You didn't know any spells.
Your spell library was empty.

Dungeon Overview and Level Annotations

Branches:
Dungeon (4/15)             Temple (0/1) D:4

Altars:

Shops:
D:3 *:[

Annotations:
D:3 1 runed translucent door, javelincjr's ghost, novice DsHW


Innate Abilities, Weirdness & Mutations

You are a hulking beast.
Your limbs bulge with bestial killing power. (Slay +1)
You are partially covered in large bone plates. (SH +4)
Spells you cast may paralyse nearby enemies.


Message History

There is an open door here.
You see here an adder corpse.
A hornet comes into view.
The hornet buzzes angrily.
The hornet barely misses you.
You closely miss the hornet. You block the hornet's attack.
The hornet stings you!
You miss the hornet.
The hornet stings you but does no damage.
The hornet stings you!
You suddenly lose the ability to move!
The hornet stings you!
You can move again.
A red film seems to cover your vision as you go berserk!
You feel yourself moving faster!
You feel mighty! The hornet closely misses you. The hornet stings you.
You closely miss the hornet.
The hornet stings you but does no damage.
You closely miss the hornet.
The hornet stings you but does no damage.
You block the hornet's attack.
You slice the hornet!!
The hornet is severely wounded.
The hornet stings you!
You feel yourself slow down.
You barely miss the hornet.
The hornet is severely wounded.
You feel yourself speed up. The hornet stings you.
You are poisoned.
You suddenly lose the ability to move!
The hornet completely misses you.
You feel sick. The hornet stings you!
* * * LOW HITPOINT WARNING * * *
The hornet stings you!
* * * LOW HITPOINT WARNING * * *
* * * LOW HITPOINT WARNING * * *
You feel sick.
The hornet stings you but does no damage.
You can move again.
You barely miss the hornet.
The hornet is severely wounded.
You die...

##..## #....# .
......####
##....#..##........###
#.......# #..........#
#......## #..........##
##.......# #..........#
#........# #..........#
#........## #...y..?...#
..........# #..h......#
..........## #.........#
...........# #........##
.).........####.......##
............###........#
....................^..#
....#.........####.....#
...############# ##.#..#
..†.#.#......... ####.#


You could see a hornet.

Vanquished Creatures
  Sigmund (D:2)
  Duvessa (D:4)
  Dowan (D:4)
  A hound (D:4)
  A jelly (D:4)
  4 gnolls
  6 adders
  2 worms
  A dart slug (D:1)
  6 ball pythons
  7 endoplasms
  A giant cockroach (D:2)
  4 goblins
  7 hobgoblins
  2 jackals (D:4)
  6 kobolds
  7 quokkas
  9 bats
  7 frilled lizards
  5 rats
79 creatures vanquished.

Notes
Turn   | Place    | Note
-------+----------+-------------------------------------------
     0 | D:1      | garrulousMonolith the Demonspawn Berserker began the quest
                  | for the Orb.
     0 | D:1      | Reached XP level 1. HP: 18/18 MP: 1/1
   153 | D:1      | Found a faded altar of an unknown god.
   211 | D:1      | Gained mutation: You are partially covered in large bone
                  | plates. (SH +4) [demonic ancestry]
   211 | D:1      | Reached XP level 2. HP: 20/24 MP: 2/2
   607 | D:1      | Reached ** piety under Trog
   645 | D:1      | Gained mutation: Spells you cast may paralyse adjacent
                  | enemies. [demonic ancestry]
   645 | D:1      | Reached XP level 3. HP: 24/29 MP: 3/3
  1198 | D:2      | Reached XP level 4. HP: 17/35 MP: 4/4
  1614 | D:2      | Noticed Sigmund
  1621 | D:2      | Killed Sigmund
  1622 | D:2      | Gained mutation: Spells you cast may paralyse nearby
                  | enemies. [demonic ancestry]
  1622 | D:2      | Reached XP level 5. HP: 42/42 MP: 5/5
  1838 | D:3      | Reached skill level 1 in Shapeshifting
  1974 | D:3      | Reached XP level 6. HP: 46/48 MP: 6/6
  2000 | D:3      | Found Bohaim's Book Shoppe.
  2004 | D:3      | Found Ydith's Antique Armour Shop.
  2261 | D:3      | Found Ihehumej's Assorted Antiques.
  2391 | D:3      | Found a runed translucent door.
  2395 | D:3      | Noticed javelincjr's ghost (novice DsHW)
  2592 | D:4      | Found a staircase to the Ecumenical Temple.
  2785 | D:4      | Noticed Duvessa
  2786 | D:4      | Noticed Dowan
  2812 | D:4      | Killed Duvessa
  2815 | D:4      | Killed Dowan
  3118 | D:4      | Reached XP level 7. HP: 54/54 MP: 7/7
  3230 | D:4      | Noticed a hornet
  3234 | D:4      | Paralysed by a hornet for 2 turns
  3240 | D:4      | Paralysed by a hornet for 3 turns
  3241 | D:4      | HP: 2/81 [hornet (14)]
  3243 | D:4      | Succumbed to a hornet's poison

Illustrated notes

Levels and vault maps discovered:
D:1:      ncdulo_lavacross, layout_basic, basic_ecumenical_altar,
          minmay_misc_feat_roman, minmay_pentomino_r4
D:2:      layout_loops_ring, uniq_sigmund
D:3:      layout_loops_ring, ebering_ghost_reflecting_pool, serial_shops,
          nicolae_shop_overgrown_old_shop, nicolae_shop_trees, shop,
          minmay_pentomino_pile
D:4:      layout_cave_pods, temple_doors_e, minmay_door_square,
          corexii_hall_statues_u, nicolae_half_adder, uniq_duvessa

Skill      XL: |  1  2  3  4  5  6 |
---------------+-------------------+-----
Armour         | 2 3 |  3.3
Axes           | 3 4 |  4.8
Dodging        | 2 3 |  3.2
Shapeshifting  | 1 |  1.5
Fighting       | 4 |  4.3

Action                     |  1- 3 |  4- 6 |  7- 9 || total
---------------------------+-------+-------+-------++-------
  Melee: Hand axe          |   139 |    55 |       ||   194
         Battleaxe         |       |    67 |    17 ||    84
  Throw: Dart              |     1 |       |       ||     1
 Invoke: Berserk           |       |     2 |     1 ||     3
         Trog's Hand       |       |     2 |       ||     2
    Use: Scroll            |       |     2 |       ||     2
         Potion            |       |     1 |       ||     1
 Armour: Animal skin       |     7 |       |       ||     7
         Leather armour    |     2 |       |       ||     2
         Chain mail        |    51 |    56 |    10 ||   117
  Dodge: Dodged            |    91 |    68 |    12 ||   171
  Block: Other             |    26 |    21 |     4 ||    51
   Form: Beast             |       |     1 |       ||     1

Table legend: (Time is in decaauts)
 A = Elapsed time spent in this place.
 B = Non-inter-level travel time spent in this place.
 C = Inter-level travel time spent in this place.
 D = Time resting spent in this place.
 E = Time spent auto-exploring this place.
 F = Levels seen in this place.
 G = Mean time per level.
                   A        B        C        D        E       F      G
               +--------+--------+--------+--------+--------+-----+--------+
         Total |   3320 |   3237 |     83 |    441 |   2092 |   4 |  830.0 |
       Dungeon |   3320 |   3237 |     83 |    441 |   2092 |   4 |  830.0 |
               +--------+--------+--------+--------+--------+-----+--------+

Top non-repeatable levels by time:
     D:1: 900 daAuts
     D:4: 870 daAuts
     D:2: 867 daAuts
     D:3: 682 daAuts
